Map: [TLMC15] Hardwire

Players

Clem - Winner!

  • Race: Terran Terran

Trap

  • Race: Protoss Protoss

Event: DreamHack SC2 Masters 2021 Winter

VOD

Have the link to the VOD?

Description

Time

  • Played on: Nov. 13, 2021, 8:43 a.m.
  • Length: 8:23

All games in this series

Show
View Real Time Build Order
Export as new Build Order

Clem Terran - Winner!

Build Orders:  

Get SALT Encoding   

  12  0:00  SCV  
  13  0:12  SCV  
  14  0:17  Supply Depot  
  14  0:24  SCV  
  15  0:30  Refinery  
  15  0:38  SCV  
  16  0:46  Barracks  
  16  0:50  SCV  
  17  1:03  SCV  
  18  1:15  SCV  
  19  1:33  Marine, Orbital Command  
  19  1:35  Factory  
  20  1:41  Supply Depot  
  20  1:52  Barracks Reactor  
  20  1:58  SCV  
  21  2:09  Command Center  
  21  2:11  SCV  
  22  2:23  SCV  
  22  2:29  Refinery  
  23  2:32  Hellion x2  
  23  2:35  SCV  
  28  2:42  Marine  
  28  2:43  Barracks  
  29  2:54  Hellion  
  31  3:11  Supply Depot  
  31  3:20  SCV, Marine x2  
  31  3:21  Orbital Command  
  34  3:33  SCV  
  36  3:37  Barracks Tech Lab  
  36  3:38  Marine  
  36  3:40  Widow Mine  
  36  3:41  Starport  
  36  3:42  Marine  
  36  3:45  SCV  
  36  3:47  SCV  
  37  3:50  Bunker  
  37  3:56  Marine  
  37  3:57  SCV, Marine  
  37  3:58  Stimpack  
  37  3:59  SCV  
  37  4:00  Marine  
  37  4:01  Factory Reactor  
  42  4:08  Supply Depot  
  42  4:09  SCV  
  41  4:12  SCV  
  41  4:14  Marine  
  41  4:15  Marine  
  44  4:18  Marine  
  44  4:21  SCV  
  46  4:29  SCV  
  47  4:31  Marine  
  47  4:32  Marine, Barracks  
  47  4:33  SCV  
  47  4:35  Marine  
  49  4:40  Medivac x2  
  49  4:41  SCV  
  49  4:44  Widow Mine  
  49  4:45  SCV  
  57  4:48  Supply Depot  
  57  4:49  Marine  
  57  4:50  Marine  
  59  4:54  Engineering Bay, Marine  
  59  4:55  SCV  
  59  4:57  SCV  
  62  5:00  Refinery  
  62  5:05  Factory Reactor  
  60  5:07  SCV, Marine  
  60  5:08  Marine  
  60  5:10  SCV  
  60  5:12  Marine  
  64  5:14  Supply Depot  
  64  5:20  Barracks Tech Lab  
  64  5:22  Terran Infantry Weapons Level 1, SCV  
  64  5:23  SCV  
  64  5:27  Supply Depot  
  64  5:28  Marine x2  
  67  5:34  Marine  
  67  5:35  SCV  
  70  5:37  SCV  
  70  5:38  Supply Depot, Combat Shield  
  70  5:39  Marine  
  72  5:45  Widow Mine x2  
  72  5:47  Marine  
  72  5:48  SCV  
  76  5:50  Marine  
  76  5:52  SCV, Marine  
  76  5:54  Medivac  
  76  5:56  Medivac  
  83  6:02  Marine  
  83  6:03  Supply Depot  
  82  6:05  SCV x2  
  82  6:08  Widow Mine  
  82  6:09  Widow Mine  
  82  6:10  Marine  
  89  6:12  Marine  
  89  6:13  Marine  
  91  6:19  Refinery  
  91  6:20  Marine  
  92  6:26  Medivac  
  92  6:28  Marine  
  92  6:30  Marine  
  92  6:31  Supply Depot, Marine, Widow Mine  
  99  6:32  Medivac  
  99  6:39  Marine  
  102  6:46  Supply Depot  
  102  6:52  Widow Mine, SCV x2, Marine  
  102  6:53  Supply Depot  
  107  6:55  Marine  
  107  6:56  Widow Mine  
  110  7:05  Command Center  
  110  7:07  Marine x2  
  112  7:10  Marine  
  112  7:13  Marine  
  112  7:14  Widow Mine, Supply Depot  
  114  7:17  Widow Mine  
  114  7:21  SCV x2  
  63  7:22  Medivac  
  108  7:25  Marine  
  108  7:28  Marine  
  105  7:31  Marine  
  105  7:32  Medivac  
  105  7:33  SCV  
  105  7:35  Widow Mine  
  105  7:37  Marine  
  110  7:38  Barracks  
  109  7:48  Marine, Barracks  
  109  7:50  Widow Mine  
  112  7:52  Medivac, Marine x2  
  112  7:57  SCV  
  112  7:58  Supply Depot, SCV  
  118  8:03  Marine  
Show
View Real Time Build Order
Export as new Build Order

Trap Protoss 

Build Orders: 1 Gate Expand, Phoenix Opening 

Get SALT Encoding   

  12  0:00  Probe  
  13  0:12  Probe  
  14  0:17  Pylon  
  14  0:24  Probe (Chrono Boost)  
  15  0:36  Gateway  
  15  0:37  Probe (Chrono Boost)  
  16  0:44  Probe (Chrono Boost)  
  16  0:46  Assimilator  
  17  0:51  Probe  
  18  1:03  Probe  
  19  1:15  Probe  
  20  1:22  Cybernetics Core  
  20  1:33  Nexus  
  20  1:39  Probe  
  21  1:46  Pylon  
  21  1:51  Assimilator, Probe  
  22  2:01  Adept (Chrono Boost)  
  22  2:03  Probe  
  25  2:15  Probe  
  26  2:18  Stargate  
  26  2:22  Adept (Chrono Boost)  
  26  2:27  Probe  
  29  2:32  Warp Gate  
  29  2:39  Probe  
  30  2:45  Probe  
  30  2:46  Adept  
  33  2:51  Probe  
  33  2:57  Probe  
  35  3:03  Probe  
  36  3:05  Phoenix (Chrono Boost)  
  36  3:10  Probe  
  39  3:13  Pylon, Shield Battery  
  39  3:16  Probe  
  40  3:22  Phoenix (Chrono Boost)  
  42  3:28  Probe x2  
  42  3:40  Probe  
  43  3:42  Phoenix (Chrono Boost)  
  43  3:46  Probe  
  46  3:52  Probe  
  47  3:58  Probe (Chrono Boost)  
  47  4:00  Phoenix  
  50  4:08  Pylon  
  50  4:09  Probe (Chrono Boost)  
  52  4:10  Probe (Chrono Boost)  
  53  4:17  Probe (Chrono Boost)  
  53  4:19  Probe (Chrono Boost)  
  54  4:25  Probe  
  54  4:26  Phoenix  
  54  4:28  Probe  
  54  4:29  Gateway  
  54  4:31  Gateway, Sentry  
  60  4:35  Assimilator  
  60  4:38  Probe  
  61  4:40  Probe  
  61  4:44  Pylon  
  62  4:52  Twilight Council  
  62  4:57  Nexus  
  62  5:04  Shield Battery  
  62  5:05  Phoenix (Chrono Boost)  
  64  5:14  Pylon  
  64  5:17  Shield Battery  
  64  5:18  Adept  
  64  5:21  Probe x2  
  68  5:22  Charge (Chrono Boost)  
  68  5:26  Adept  
  70  5:31  Pylon  
  70  5:33  Stalker  
  72  5:35  Probe x2  
  74  5:43  Phoenix  
  74  5:48  Probe x2  
  77  5:50  Stalker, Zealot  
  81  6:00  Probe x2  
  82  6:08  Phoenix, Pylon  
  84  6:15  Gateway  
  84  6:16  Gateway  
  84  6:17  Gateway  
  84  6:21  Gateway  
  84  6:24  Probe x3  
  87  6:30  Zealot x2  
  89  6:33  Zealot  
  91  6:41  Forge  
  91  6:42  Probe  
  91  6:43  Gateway, Probe  
  91  6:44  Probe  
  94  6:48  Pylon  
  94  6:52  Zealot x2  
  98  6:55  Zealot  
  98  6:58  Probe x3  
  103  7:06  Phoenix  
  103  7:11  Zealot x2  
  103  7:12  Zealot x2  
  95  7:29  Zealot x2  
  83  7:30  Probe x3  
  83  7:31  Phoenix (Chrono Boost)  
  83  7:32  Zealot x4  
  87  7:43  Zealot  
  87  7:49  Phoenix (Chrono Boost)  
  87  7:51  Zealot x2  
  91  7:52  Zealot  
  91  7:53  Zealot x3  
  92  8:01  Probe x3  
  92  8:05  Zealot  
  69  8:11  Zealot x2  
  63  8:13  Zealot  
  63  8:14  Zealot  
  63  8:17  Zealot  

Tags
 
Add a new tag
Caveats
  • Supply blocks, unpowered buildings, or Contaminate may cause inaccurate times.
  • Supply counts are checked every 10 seconds.